 Dungeon Crawl Stone Soup version 0.23-a0-79-gaa8cc03 (webtiles) character file.

6274 Amnesiac the Zephyrmancer (level 10, -10/63 HPs)
             Began as a Mummy Air Elementalist on Aug 11, 2018.
             Was an Elder of Sif Muna.
             Mangled by a warg (13 damage)
             ... led by an orc knight
             ... on level 11 of the Dungeon on Aug 12, 2018.
             The game lasted 00:35:00 (10415 turns).

Amnesiac the Zephyrmancer (Mummy Air Elementalist) Turns: 10415, Time: 00:35:01

Health: -10/63     AC:  8    Str: 11    XL:     10   Next: 63%
Magic:  1/25       EV: 16    Int: 17    God:    Sif Muna [****..]
Gold:   250        SH:  0    Dex: 10    Spells: 23/31 levels left

rFire    + + .     SeeInvis .   a - +7 trident of Qel Goeteats {chaos, rElec rPois rF++ Dex-4}
rCold    + + .     Gourm    .   (no shield)
rNeg     + + +     Faith    .   e - +2 robe {rC+ rF+}
rPois    ∞         Spirit   .   d - +0 helmet
rElec    +         Reflect  .   (no cloak)
rCorr    .         Harm     .   (no gloves)
MR       +....                  h - +2 pair of boots {Fly}
Stlth    ++........             (no amulet)
HPRegen  0.20/turn              r - +4 ring of evasion
MPRegen  0.19/turn              n - +2 ring of slaying

@: flying, no casting
A: no food or potions, fire vulnerability, cold resistance 1, negative energy
resistance 3, torment resistance, unbreathing
a: Stop Divine Energy, Channel Magic, Forget Spell, Renounce Religion, Stop
Flying


You were on level 11 of the Dungeon.
You worshipped Sif Muna.
Sif Muna was greatly pleased with you.
You were not hungry.

You visited 2 branches of the dungeon, and saw 12 of its levels.

You collected 633 gold pieces.
You spent 383 gold pieces at shops.

Inventory:

Hand Weapons
 a - the +7 trident of Qel Goeteats (weapon) {chaos, rElec rPois rF++ Dex-4}
   (You found it on level 6 of the Dungeon)

   Each time it hits an enemy it has a different, random effect.
   It affects your dexterity (-4).
   It greatly protects you from fire.
   It insulates you from electricity.
   It protects you from poison.
 b - a +1 hunting sling of velocity
Missiles
 i - 284 stones (quivered)
 l - 82 sling bullets
Armour
 d - a +0 helmet (worn)
 e - a +2 robe of resistance (worn)
 h - a +2 pair of boots of flying (worn)
 t - a +0 large shield
Jewellery
 n - a +2 ring of slaying (right hand)
 r - a +4 ring of evasion (left hand)
 v - an uncursed ring of teleportation
Wands
 j - a wand of clouds (15)
 m - a wand of disintegration (29)
 p - a wand of polymorph (10)
 q - a wand of flame (47)
 z - a wand of paralysis (4)
 A - a wand of random effects (14)
Scrolls
 c - 7 scrolls of identify {!r}
 f - 3 scrolls of amnesia {!r}
 k - 2 scrolls of blinking {!r}
 o - a scroll of vulnerability {!r}
 s - 3 scrolls of fear {!r}
 u - 4 scrolls of enchant armour {!r}
 w - 6 scrolls of teleportation {!r}
 x - a scroll of magic mapping {!r}
 y - a scroll of enchant weapon {!r}
 B - a scroll of fog {!r, unknown}


   Skills:
 - Level 1.5 Dodging
 - Level 1.5 Stealth
 + Level 11.3 Spellcasting
 - Level 0.7 Conjurations
 * Level 11.3 Air Magic


You had 23 spell levels left.
You knew the following spells:

 Your Spells              Type           Power        Failure   Level  Hunger
a - Airstrike             Air            #####.....   1%          4    N/A
b - Spectral Weapon       Hex/Chrm       #.......     22%         3    N/A
d - Shock                 Conj/Air       ####         1%          1    N/A

Your spell library contained the following spells:

 Spells                   Type           Power        Failure   Level  Hunger
 Fireball                 Conj/Fire      ##........   87%         5    N/A
 Conjure Flame            Conj/Fire      ##......     19%         3    N/A
 Lightning Bolt           Conj/Air       ####......   17%         5    N/A
 Bolt of Magma            Conj/Fire/Erth ##........   88%         5    N/A
 Throw Flame              Conj/Fire      ##....       10%         2    N/A
 Venom Bolt               Conj/Pois      ##........   87%         5    N/A
 Sticky Flame             Conj/Fire      ##......     54%         4    N/A
 Regeneration             Chrm/Necr      #.........   22%         3    N/A
 Iron Shot                Conj/Erth      ##........   100%        6    N/A
 Swiftness                Chrm/Air       ####....     1%          2    N/A
 Spider Form              Tmut/Pois      #.........   22%         3    N/A
 Blade Hands              Tmut           #.........   91%         5    N/A
 Ice Form                 Ice/Tmut       #.......     58%         4    N/A
 Flame Tongue             Conj/Fire      ##...        6%          1    N/A
 Sticks to Snakes         Tmut           #.......     12%         2    N/A
 Static Discharge         Conj/Air       ####....     1%          3    N/A
 Orb of Destruction       Conj           ##........   100%        7    N/A
 Shroud of Golubria       Chrm/Tloc      #.........   12%         2    N/A
 Inner Flame              Hex/Fire       #.......     22%         3    N/A
 Beastly Appendage        Tmut           #.....       8%          1    N/A
 Iskenderun's Battlesphe  Conj/Chrm      ##......     87%         5    N/A
 Infusion                 Chrm           #...         8%          1    N/A
 Song of Slaying          Chrm           #.......     12%         2    N/A
 Spellforged Servitor     Conj/Summ      ##........   100%        7    N/A

Dungeon Overview and Level Annotations

Branches:
Dungeon (11/15)            Temple (1/1) D:6            Lair (0/6) D:9
    Orc: D:9-12

Altars:
Ashenzari
Cheibriados
Dithmenos
Elyvilon
Fedhas
Gozag
Hepliaklqana
Kikubaaqudgha
Makhleb
Nemelex Xobeh
Okawaru
Qazlal
Ru
Sif Muna
Trog
Uskayaw
Vehumet
Wu Jian
Xom
Yredelemnul
Zin
The Shining One

Shops:
D:9 *   D:10 *


Innate Abilities, Weirdness & Mutations

You do not eat or drink.
Your flesh is vulnerable to fire.
You are immune to poison.
Your flesh is cold resistant. (rC+)
You are immune to negative energy. (rN+++)
You are immune to unholy pain and torment.
You can survive without breathing.


Message History

Things that are here:
a robe; a dagger; an orc corpse
Things that are here:
a scale mail; a dagger; an orc corpse Evoke which item? (* to show all) (? for menu, Esc to quit)
Okay, then.
Evoke which item? (* to show all) (? for menu, Esc to quit)
That's the wrong kind of item! (Use * to select it.) Evoke which item? (* to show all) (? for menu, Esc to quit)
Okay, then.
Evoke which item? (* to show all) (? for menu, Esc to quit)
Aiming: Cloud Cone
Press: ? - help, Dir - move target cursor You create a blast of noxious fumes!
You hear a roar!
The warg barely misses you.
The orc knight is engulfed in noxious fumes.
The orc knight roars a battlecry!
The orc goes into a battle-frenzy!
The orc is engulfed in noxious fumes.
The orc appears confused.
Casting: Airstrike (safe; 1% risk of failure)
Confirm with . or Enter, or press ? or * to list all spells.
Aiming: Airstrike (safe; 1% risk of failure)
Press: ? - help, Dir - move target cursor, f - orc knight
Aim: an orc knight, wielding a great mace and wearing a chain mail (noxious fumes, almost dead)
The air twists around and strikes the orc knight!
The orc knight is almost dead.
Sif Muna grants you divine energy.
You briefly lose access to your magic!
The orc knight is engulfed in noxious fumes.
The orc knight roars a battlecry!
The warg closely misses you.
The orc is engulfed in noxious fumes.
The orc appears confused.
The warg closely misses you.
You hear a roar!
You are unable to access your magic!
Okay, then.
Attack whom?
Press: ? - help, Dir - move target cursor, f/p - orc knight
Aim: an orc knight, wielding a great mace and wearing a chain mail (noxious fumes, almost dead)
You barely miss the orc knight.
The orc knight is almost dead.
The warg bites you but does no damage.
The orc knight is engulfed in noxious fumes.
The orc knight appears confused.
The orc knight hits you with a great mace!
* * * LOW HITPOINT WARNING * * *
The warg bites you!
* * * LOW HITPOINT WARNING * * *
The orc is engulfed in noxious fumes.
The orc appears confused.
The orc hits the orc warrior but does no damage.
The warg misses you.
The five-headed hydra roars!
The orc warrior is engulfed in noxious fumes.
The orc warrior appears confused.
The orc warrior hits the orc with a battleaxe!!
The orc is killed!
Sif Muna accepts your kill.
The orc knight is engulfed in noxious fumes.
The orc knight appears confused.
The orc knight hits the warg with a great mace!
The warg bites you.
* * * LOW HITPOINT WARNING * * *
The warg bites you!
You die...

...#######....# . ##
#..!.######.. #
#.D#.#.....Z. ..
#..#.#.......
...#########....#'######
.......................
#.....Doo............
#.....##[<†).....####
#...@hhoo§..........
#......§§§§..........
...........§§§......!...
########################


You could see a five-headed hydra, an orc knight (confused), 2 wargs and 2 orc
warriors.

Vanquished Creatures
  Pikel (D:5)
  Joseph (D:9)
  The ghost of tilp the Ducker, a novice MfIE of Makhleb (D:5)
  2 hippogriffs (D:9)
  Sigmund (D:2)
  A wyvern (D:10)
  Eustachio (D:5)
  A hungry ghost (D:10)
  3 phantoms
  An orc warrior (D:10)
  3 sky beasts
  3 ice beasts
  2 ogres (D:8)
  4 centaurs
  2 big kobolds
  3 scorpions
  10 killer bees (D:8)
  2 howler monkeys (D:9)
  8 wights (D:8)
  5 electric eels (D:10)
  4 crimson imps
  A quasit (D:9)
  7 orc priests
  A bullfrog zombie (D:5)
  A jelly (D:6)
  2 centaur skeletons
  6 hounds
  9 orc wizards
  2 bullfrog skeletons (D:9)
  3 iguanas
  5 worker ants
  A killer bee zombie (D:8)
  A hound zombie (D:7)
  A hound skeleton (D:5)
  A howler monkey zombie (D:5)
  A worker ant zombie (D:5)
  4 gnolls (D:6)
  A howler monkey skeleton (D:5)
  13 adders
  A shadow imp (D:9)
  2 oozes (D:5)
  An adder zombie (D:6)
  2 adder skeletons
  3 worms
  2 dart slugs
  6 leopard geckos
  33 orcs
  A ball python (D:3)
  4 giant cockroaches
  5 goblins
  3 hobgoblins (D:1)
  16 jackals
  12 kobolds
  2 quokkas (D:8)
  5 bats
  5 frilled lizards
  A leopard gecko skeleton (D:5)
  8 rats
231 creatures vanquished.

Vanquished Creatures (collateral kills)
  An orc (D:5)
1 creature vanquished.

Vanquished Creatures (others)
  An adder skeleton (D:4)
  A leopard gecko skeleton (D:4)
2 creatures vanquished.

Grand Total: 234 creatures vanquished

Notes
Turn   | Place    | Note
-------+----------+-------------------------------------------
     0 | D:1      | Amnesiac the Mummy Air Elementalist began the quest for the Orb.
     0 | D:1      | Reached XP level 1. HP: 13/13 MP: 4/4
   133 | D:1      | Reached XP level 2. HP: 9/19 MP: 0/5
   503 | D:4      | Reached XP level 3. HP: 2/24 MP: 0/7
   580 | D:4      | Reached XP level 4. HP: 11/30 MP: 0/9
   586 | D:4      | Learned a level 4 spell: Airstrike
   874 | D:4      | Noticed Pikel
   891 | D:5      | Entered Level 5 of the Dungeon
   900 | D:5      | Killed Pikel
   900 | D:5      | Reached skill level 5 in Spellcasting
   900 | D:5      | Reached skill level 5 in Air Magic
   900 | D:5      | Reached XP level 5. HP: 6/35 MP: 5/13
   900 | D:5      | Reached XP level 6. HP: 7/41 MP: 5/14
   900 | D:5      | Reached XP level 7. HP: 8/46 MP: 5/15
  1332 | D:5      | Found a transporter.
  1555 | D:4      | Found a basalt altar of Yredelemnul.
  2048 | D:5      | Noticed Eustachio
  2062 | D:5      | Killed Eustachio
  2739 | D:6      | Reached XP level 8. HP: 41/52 MP: 4/18
  2836 | D:6      | Found a staircase to the Ecumenical Temple.
  2847 | Temple   | Entered the Ecumenical Temple
  2932 | Temple   | Became a worshipper of Sif Muna the Loreminder
  3570 | D:2      | Found a shadowy altar of Dithmenos.
  3672 | D:2      | Noticed Sigmund
  3680 | D:2      | Killed Sigmund
  4412 | D:3      | Reached * piety under Sif Muna
  4515 | D:3      | Found a white marble altar of Elyvilon.
  4880 | D:5      | Found a snail-covered altar of Cheibriados.
  4931 | D:5      | Found a glowing golden altar of the Shining One.
  5022 | D:5      | Found a transporter.
  5023 | D:5      | Noticed tilp's ghost (novice MfIE)
  5149 | D:5      | Killed tilp's ghost
  5398 | D:6      | Reached XP level 9. HP: 57/57 MP: 0/21
  5612 | D:7      | Reached ** piety under Sif Muna
  5992 | D:7      | Found an ancient bone altar of Kikubaaqudgha.
  5993 | D:7      | Found a stormy altar of Qazlal.
  6019 | D:7      | Learned a level 3 spell: Spectral Weapon
  6361 | D:6      | Got a pitted trident
  6362 | D:6      | Identified the +7 trident of Qel Goeteats {chaos, rElec rPois rF++ Dex-4} (You found it on level 6 of the Dungeon)
  7138 | D:8      | Found a basalt altar of Yredelemnul.
  7323 | D:8      | Found a white marble altar of Elyvilon.
  7365 | D:8      | Reached skill level 10 in Spellcasting
  7365 | D:8      | Reached skill level 10 in Air Magic
  7413 | D:8      | Reached *** piety under Sif Muna
  7908 | D:8      | Reached XP level 10. HP: 63/63 MP: 0/24
  7935 | D:8      | Found a shattered altar of Ashenzari.
  8253 | D:9      | Noticed Joseph
  8467 | D:9      | Found Tejydo's Assorted Antiques.
  8471 | D:9      | Bought a long lead wand for 104 gold pieces
  8680 | D:9      | Killed Joseph
  8764 | D:9      | Found a staircase to the Lair.
  9179 | D:10     | Entered Level 10 of the Dungeon
  9640 | D:10     | Found an iron altar of Okawaru.
  9722 | D:10     | Found Weqegitz's General Store.
  9731 | D:10     | Reached **** piety under Sif Muna
  9737 | D:10     | Bought a +2 pair of boots of flying for 279 gold pieces
 10380 | D:11     | Noticed an orc knight
 10408 | D:11     | Noticed a five-headed hydra
 10414 | D:11     | HP: 3/63 [warg[an orc knight] (4)]
 10415 | D:11     | Mangled by a warg

Vault maps used:
D:1:      lightli_arrival_chessboard
D:2:      grunt_dithmenos_smoke_and_mirrors, first_ration, minmay_pentomino_x2,
          uniq_sigmund
D:3:      lemuel_tele_altar
D:4:      yredelemnul_altar_generic, uniq_pikel
D:5:      marbit_many_paths, kennysheep_mini_moat, gammafunk_ghost_mausoleum,
          hangedman_decor_push, nicolae_zen_rock_garden, uniq_eustachio
D:6:      minmay_temple_entry_water_ring
D:7:      nicolae_overflow_hidden_temple
D:8:      kennysheep_ying_yang, overflow_temple_1_default, grunt_ogre_cave
D:9:      lair_entry_dummy, serial_shops, shop, hangedman_decor_riveting,
          uniq_joseph
D:10:     serial_shops, shop, minmay_misc_feat_encased, corexii_corridor_pit,
          chequers_big_river, lemuel_statue_altar
D:11:     corexii_leaking_fountain
Temple:   eino_temple_water

Skill      XL: |  1  2  3  4  5  6  7  8  9 10 |
---------------+-------------------------------+-----
Air Magic      | 3 5 6 8 10 11 | 11.3
Spellcasting   | 3 5 6 8 10 11 | 11.3
Dodging        | |  1.5
Stealth        | |  1.5
Conjurations   | |  0.7

Action                   |  1- 3 |  4- 6 |  7- 9 | 10-12 || total
-------------------------+-------+-------+-------+-------++-------
Melee: Unarmed           |    11 |       |       |       ||    11
       Dagger            |    22 |     2 |       |       ||    24
       Hand axe          |       |       |    92 |       ||    92
       Trident           |       |       |    22 |    18 ||    40
       Falchion          |       |       |     1 |       ||     1
 Cast: Shock             |    37 |    13 |     7 |       ||    57
       Airstrike         |       |       |   191 |   111 ||   302
Invok: Divine Energy     |       |       |     1 |       ||     1
Evoke: Wand              |       |     1 |     1 |    10 ||    12
  Use: Scroll            |       |       |    15 |     2 ||    17
 Stab: Sleeping          |     1 |       |     1 |       ||     2
Armor: Robe              |     9 |       |    31 |    23 ||    63
Dodge: Dodged            |    35 |     8 |   125 |    72 ||   240
       Rpst.: Falchion   |       |       |     6 |       ||     6

Table legend:
 A = Non-vault XP
 B = Vault XP
 C = Vault XP percentage of total XP
 D = Non-vault monster count
 E = Vault monster count
 F = Vault count percentage of total count
 G = Total turns spent on level
                 A         B        C        D         E       F
            +---------+---------+-------+---------+---------+-------
      Total |    6854 |    2110 |  23.5 |     221 |      11 |   4.7
            +---------+---------+-------+---------+---------+-------
        D:1 |      33 |       0 |   0.0 |      18 |       0 |   0.0
        D:2 |      30 |     245 |  89.1 |      14 |       3 |  17.6
        D:3 |     117 |       0 |   0.0 |      19 |       0 |   0.0
        D:4 |     147 |       0 |   0.0 |      10 |       0 |   0.0
        D:5 |     510 |    1262 |  71.2 |      24 |       6 |  20.0
        D:6 |     684 |       0 |   0.0 |      23 |       0 |   0.0
        D:7 |     694 |       0 |   0.0 |      18 |       0 |   0.0
        D:8 |    1790 |     122 |   6.4 |      48 |       1 |   2.0
        D:9 |    1362 |     481 |  26.1 |      17 |       1 |   5.6
       D:10 |    1381 |       0 |   0.0 |      23 |       0 |   0.0
       D:11 |     106 |       0 |   0.0 |       7 |       0 |   0.0
            +---------+---------+-------+---------+---------+-------
